 Dungeon Crawl Stone Soup version 0.30-a0-135-g630cfc4551 (webtiles) character file.

Game seed: 14742837147181002772

33 juncz the Chiller (level 3, -3/26 HPs)
             Began as a Draconian Ice Elementalist on Sept 20, 2022.
             Slain by an ogre
             ... wielding a +0 giant club
              (29 damage)
             ... on level 2 of the Dungeon.
             The game lasted 00:04:56 (2111 turns).

juncz the Chiller (Draconian Ice Elementalist)      Turns: 2111, Time: 00:04:57

Health: -3/26      AC:  6    Str: 10    XL:     3   Next: 12%
Magic:  3/6        EV: 11    Int: 17    God:
Gold:   64         SH:  3    Dex: 11    Spells: 0/7 levels left

rFire   . . .      SeeInvis .    h - +2 short sword (venom)
rCold   . . .      Faith    .    g - +0 buckler
rNeg    . . .      Spirit   .    (body armour unavailable)
rPois   .          Reflect  .    (helmet restricted)
rElec   .          Harm     .    (no cloak)
rCorr   .          Rampage  .    f - +0 pair of gloves
Will    .....                    (no boots)
Stlth   ++........               (no amulet)
HPRegen 0.08/turn                (no ring)
MPRegen 0.10/turn                (no ring)

@: freezing walls
A: AC +5, unfitting armour, cold-blooded
a: no special abilities


You were on level 2 of the Dungeon.
You visited 1 branch of the dungeon, and saw 2 of its levels.

You collected 64 gold pieces.

Inventory:

Hand Weapons
 c - a +0 short sword
 h - a +2 short sword of venom (weapon)
Missiles
 d - 5 stones (quivered)
Armour
 f - a +0 pair of gloves (worn)
 g - a +0 buckler (worn)
Scrolls
 b - a scroll of identify {unknown}
 e - a scroll of summoning {unknown}
 i - a scroll of noise {unknown}
 j - a scroll of vulnerability {unknown}
Potions
 a - a potion of magic
 k - a potion of degeneration {unknown}
 l - a potion of might {unknown}
 m - a potion of heal wounds {unknown}


   Skills:
 - Level 1.7 Dodging
 - Level 1.7 Stealth
 + Level 0.9 Shields
 + Level 2.6 Spellcasting
 + Level 4.4 Ice Magic


You couldn't memorise any spells.
You knew the following spells:

 Your Spells              Type           Power      Damage    Failure   Level
a - Freeze                Ice            68%        1d8       4%          1
b - Frozen Ramparts       Ice            34%        1d6       12%         3
c - Ozocubu's Armour      Ice            17%        N/A       12%         3

Your spell library contained the following spells:

 Spells                   Type           Power      Damage    Failure   Level
 Gell's Gravitas          Tloc           2%         N/A       58%         3
 Lesser Beckoning         Tloc           2%         N/A       58%         3
 Teleport Other           Tloc           2%         N/A       58%         3
 Hailstorm                Conj/Ice       9%         3d4       69%         4


Dungeon Overview and Level Annotations

Branches:
Dungeon (2/15)

Altars:


Innate Abilities, Weirdness & Mutations

Your plain brown scales are hard. (AC +5)
You cannot fit into any form of body armour.
You are cold-blooded and may be slowed by cold attacks.


Message History

The goblin shouts!
The goblin is severely wounded.
You start waiting.
A goblin is nearby!
Casting: Frozen Ramparts (quite dangerous; 12% risk of failure)
Confirm with . or Enter, or press ? or * to list all spells.
Casting: Frozen Ramparts (quite dangerous; 12% risk of failure)
Press: ? - help, Dir - look around, f - activate The walls around you are covered in ice.
The wall freezes the goblin.
Casting: Frozen Ramparts (quite dangerous; 12% risk of failure)
Confirm with . or Enter, or press ? or * to list all spells.
Aiming: Freeze (safe; 4% risk of failure)
Press: ? - help, Shift-Dir - straight line, f - goblin
Aim: a goblin, wielding a +0 vampiric dagger (moderately wounded)
You freeze the goblin.
The goblin is severely wounded.
The wall freezes the goblin.
You kill the goblin!
You start resting.
The frozen ramparts melt away.
You start resting.
An ogre comes into view. It is wielding a +0 giant club.
An ogre is nearby!
You aren't carrying any items that you can evoke.
You start resting.
An ogre is nearby!
The ogre shouts!
Casting: Freeze (safe; 4% risk of failure)
Confirm with . or Enter, or press ? or * to list all spells.
Casting: Frozen Ramparts (quite dangerous; 12% risk of failure)
Press: ? - help, Dir - look around, f - activate The walls around you are covered in ice.
The wall freezes the ogre.
You hit the ogre.
The ogre is moderately wounded.
The wall freezes the ogre.
The ogre hits you with a +0 giant club!!
Ouch! That really hurt!
You die...

#...# #..### ##..
#...#####...######...##
#....................O.
####...#####..#....#.#....
#...........#..#.##.#.#....
.................##.#....?.
#...........#.............g
#####...#####.......#)#....
#.....@O..#.###.#.#....
#...#######O##....##.##
#...# #.##..#.# .# ##.#
#.......# .# ####.......#
#.####### #.. ####


You could see an ogre.

Vanquished Creatures
  3 ball pythons (D:1)
  2 bats (D:1)
  2 endoplasms (D:1)
  2 giant cockroaches (D:1)
  3 goblins
  3 hobgoblins (D:1)
  5 quokkas (D:1)
  4 frilled lizards
  5 kobolds (D:1)
  A rat (D:1)
30 creatures vanquished.

Notes
Turn   | Place    | Note
-------+----------+-------------------------------------------
     0 | D:1      | juncz the Draconian Ice Elementalist began the quest for
                  | the Orb.
     0 | D:1      | Reached XP level 1. HP: 14/14 MP: 3/3
   297 | D:1      | Reached XP level 2. HP: 20/20 MP: 3/5
  1117 | D:1      | Reached XP level 3. HP: 26/26 MP: 3/6
  1380 | D:1      | Learned a level 3 spell: Frozen Ramparts
  1384 | D:1      | Learned a level 3 spell: Ozocubu's Armour
  2087 | D:2      | Noticed an ogre
  2111 | D:2      | Slain by an ogre

Illustrated notes

Levels and vault maps discovered:
D:1:      matt_arrival_grand_opening, layout_basic
D:2:      layout_loops_cross, minmay_misc_feat_room,
          minmay_randomly_rotated_circles

Action                   || total
-------------------------++-------
Melee: Short sword       ||     3
       Tailslap          ||     1
Throw: Stone             ||    11
 Cast: Freeze            ||    38
       Frozen Ramparts   ||     4
Armor: Skin              ||     5
Dodge: Dodged            ||    12
Block: Buckler           ||     2

Table legend: (Time is in decaauts)
 A = Elapsed time spent in this place.
 B = Non-inter-level travel time spent in this place.
 C = Inter-level travel time spent in this place.
 D = Time resting spent in this place.
 E = Time spent auto-exploring this place.
 F = Levels seen in this place.
 G = Mean time per level.
                   A        B        C        D        E       F      G
               +--------+--------+--------+--------+--------+-----+--------+
         Total |   2115 |   2098 |     17 |   1139 |    720 |   2 | 1057.5 |
       Dungeon |   2115 |   2098 |     17 |   1139 |    720 |   2 | 1057.5 |
               +--------+--------+--------+--------+--------+-----+--------+

Top non-repeatable levels by time:
     D:1: 1645 daAuts
     D:2: 470 daAuts
